[Event "12th National Amateur Chess-ch 2025"]
[Site "Bihar"]
[Date "2025.03.28"]
[Round "6.5"]
[White "Archisman Patra"]
[Black "Gurung Rohit"]
[Result "1-0"]
[Annotator "TA"]
[ECO "B00"]
[WhiteElo "1791"]
[BlackElo "1902"]
[PlyCount "41"]
[EventDate "2025.03.25"]
[EventCountry "IND"]
[SourceTitle "playchess.com"]
[Source "ChessBase"]
[SourceQuality "1"]
[TimeControl "5400+30"]

1. e4 b6 2. d4 Bb7 3. Nc3 e6 4. f3 c5 5. d5 d6 $146 (5... Nf6 $14) ({Predecessor:} 5... Nf6 6. Bc4 exd5 7. Nxd5 Nxd5 8. Bxd5 Nc6 9. Be3 Be7 10. Qd2 O-O 11. O-O-O Bf6 {1-0 Donovan,L (2246)-Atanasiu,N (1938) Leuven op 24th 2012 (7)}) 6. Bc4 $16 {[%emt 0:05:20] B00: Queen's Fianchetto Defence, Nimzowitsch Defence.} e5 7. Nge2 a6 8. a4 {[%emt 0:00:07] White is better.} g6 9. O-O Bg7 10. f4 (10. Ng3 $16) 10... Nd7 (10... exf4 $1 $14 11. Bxf4 Nf6) 11. f5 Qe7 (11... Qh4 $142) 12. Qd3 h5 (12... Qh4 $16) 13. fxg6 $18 fxg6 14. Qg3 Nf8 15. Bg5 Qd7 (15... Nf6 {is a better defense.} 16. Bh4 Qf7) 16. h3 (16. Nb5 $18 {is more deadly.}) 16... Bh6 $16 17. Qf3 (17. Bh4 $18) 17... Nh7 18. Bh4 $40 {[%emt 0:01:21][%mdl 128] White wants a kill. White is much more active.} (18. Bxh6 $142 Nxh6 19. Rad1) 18... Nf8 $2 {[%emt 0:28:38][%mdl 8192] [#]} (18... Ngf6 $16 {is a better chance.}) 19. Nb5 $1 $18 {[%emt 0:10:02][%cal Ob5d6][%mdl 512] Intending Nxd6+! and mate.} Rh7 ({Much weaker is} 19... axb5 20. Bxb5 Rh7 21. Bxd7+) 20. Bg5 Bg7 {[%emt 0:04:48] [#]} (20... axb5 $18 21. Bxb5 (21. Bxh6 Rf7 $18) 21... Qxb5) 21. Nxd6+ $1 {[%emt 0:00:26][%mdl 512] Weighted Error Value: White=0.29 (precise) /Black=0.92  Loses game:     	---       	Black=1      Mistake:       	White=4     	Black=5      OK:         	White=5     	Black=4      Best:        	White=1     	Black=2      Brilliant:      	White=1     	---} 1-0

[Event "12th National Amateur Chess-ch 2025"]
[Site "Bihar"]
[Date "2025.03.28"]
[Round "6.6"]
[White "Ayushman Mohanty"]
[Black "Pradeep Tiwari"]
[Result "0-1"]
[Annotator "TA"]
[ECO "B33"]
[WhiteElo "1827"]
[BlackElo "1979"]
[PlyCount "160"]
[EventDate "2025.03.25"]
[EventCountry "IND"]
[SourceTitle "playchess.com"]
[Source "ChessBase"]
[SourceQuality "1"]
[TimeControl "5400+30"]

1. e4 c5 2. Nf3 Nc6 3. d4 cxd4 4. Nxd4 Nf6 5. Nc3 e5 6. Ndb5 d6 7. Bg5 a6 8. Bxf6 gxf6 9. Na3 b5 10. Nd5 Be6 11. c3 Bg7 12. Nc2 {[%emt 0:01:37] B33: Sicilian: Pelikan and Sveshnikov Variations.} O-O (12... Bxd5 $142 13. Qxd5 Ne7) 13. Nce3 $16 {[%emt 0:01:05][%csl Od5] Strong Square White (d5) A dynamic duo of knights.} Ne7 14. Nxe7+ {[%emt 0:11:18] White is clearly better.} Qxe7 15. Bd3 Kh8 16. Qh5 {[%emt 0:09:22] Prevents Bh6.} Rg8 17. O-O Bf8 18. a4 bxa4 $146 (18... Qb7 $16 {was worth a try.} 19. axb5 axb5 20. Rxa8 Qxa8) (18... Rg5 19. Qf3 Rb8 20. axb5 axb5 21. b4 Rg6 22. Ra5 Qe8 23. Qe2 Bd7 24. Rfa1 Bh6 {1-0 Preotu,R (2356)-Wang,E (1886) Aurora Spring op 2014 (4.2)}) 19. Rxa4 $18 Qb7 20. Rb4 Qc6 21. Nd5 Rg6 22. Qf3 a5 23. Rb6 Qc8 24. Kh1 (24. Nxf6 $2 Qd8 25. Rc6 Rxf6 $19 (25... Qxf6 $2 26. Qxf6+ Rxf6 27. Rb1 $19)) 24... Qd8 (24... Bg4 $142 25. Qe3 Bh6) 25. Rb3 Rb8 (25... Bg4 $142 26. Qe3 Be6) 26. Rxb8 $16 Qxb8 27. b4 (27. Nxf6 $6 Qxb2 28. Nd5 a4 $11) 27... axb4 28. cxb4 (28. Nxf6 Bh6 (28... bxc3 29. Rb1 $15) 29. cxb4 Bf4 $15) 28... Bg4 29. Qe3 Be6 30. b5 Bh6 31. Qb6 ({White should try} 31. Qe1 $16) 31... Rg8 {[%emt 0:01:50] [#]} ({Better is} 31... Qxb6 $14 32. Nxb6 Rg8) 32. Qxb8 (32. Qa6 $1 $18 {and White stays clearly on top.}) 32... Rxb8 33. Ne7 Bf8 34. Nc6 Rc8 35. Rb1 d5 36. f3 (36. exd5 $5 Bxd5 37. Rc1 $16) 36... d4 37. Kg1 Bd7 38. Na5 Rc3 39. Rb3 (39. Be2 $5) 39... Bc5 40. Kf2 $2 (40. Rxc3 $11 {and White has nothing to worry.} dxc3+ 41. Kf1) 40... Bb6 $19 41. Nc4 {[%emt 0:01:36] Threatens to win with Rxc3.} Rxb3 42. Nxb6 Bxb5 43. Bxb5 Rxb5 {[%emt 0:00:04][%mdl 4096] Endgame KR-KN} 44. Nd5 Rb2+ 45. Kf1 Kg7 46. f4 h5 {[%emt 0:00:38] ...d3 would now be deadly.} 47. f5 h4 48. h3 Rc2 49. Nb4 Rc3 (49... Rd2 $142 50. Na6 Kh6) 50. Nd5 Rc2 (50... Rc6 $142 51. Ke2 Kh6) 51. Nb4 $1 Rb2 52. Nd5 d3 {[%emt 0:00:03] ( -> ...Rb1+)} 53. Ne3 Re2 {[%emt 0:00:08] Black mates.} 54. Nd1 Rxe4 55. Nc3 Rc4 56. Nd1 Rc1 57. Ke1 e4 58. Kd2 {[%emt 0:00:06] [#]} Rxd1+ $1 59. Kxd1 {[%emt 0:00:04] KP-KP. Black is two pawns up.} e3 60. Ke1 Kh6 61. Kd1 Kg5 62. Ke1 Kxf5 63. Kd1 Kf4 64. Ke1 Kg3 65. Kf1 f5 66. Ke1 Kxg2 67. Kd1 f4 68. Kc1 f3 69. Kb2 e2 70. Kc3 e1=Q+ 71. Kxd3 Qe2+ 72. Kd4 f2 73. Kc3 f1=R 74. Kd4 Rd1+ 75. Kc3 Qd3+ 76. Kb4 Rb1+ 77. Kc5 Rb5+ 78. Kc6 Qd5+ 79. Kc7 Rb7+ 80. Kc8 Qd7# {[%emt 0:00:03] Black used his chance.   Weighted Error Value: White=0.80/Black=0.19 (very precise)   Loses game:     	White=1     	---        Mistake:       	White=2     	Black=5      Inaccurate:     	White=8     	Black=2      OK:         	White=12    	Black=9      Best:        	White=1     	Black=3} 0-1

[Event "12th National Amateur Chess-ch 2025"]
[Site "Bihar"]
[Date "2025.03.28"]
[Round "6.7"]
[White "Ebenezer, Joseph"]
[Black "Piyush Kumar"]
[Result "1/2-1/2"]
[Annotator "TA"]
[ECO "B26"]
[WhiteElo "1961"]
[BlackElo "1836"]
[PlyCount "63"]
[EventDate "2025.03.25"]
[EventCountry "IND"]
[SourceTitle "playchess.com"]
[Source "ChessBase"]
[SourceQuality "1"]
[TimeControl "5400+30"]

1. e4 c5 2. Nc3 Nc6 3. g3 g6 4. Bg2 Bg7 5. d3 Rb8 6. a4 d6 7. Be3 e6 {[%emt 0:03:42] B26: Closed Sicilian: 3 g3, lines with early Be3.} 8. Nf3 Nd4 9. Nh4 $146 (9. O-O Ne7 10. Rb1 O-O 11. Ne2 e5 12. c3 Nxf3+ 13. Bxf3 b6 14. Bg2 d5 15. c4 dxc4 16. dxc4 {0-1 Mueschenich,S (2082)-Odendahl,R (2273) NRW Class1 1415 2014 (6.1)}) 9... Ne7 10. Nb1 Qb6 11. Ra2 O-O 12. c3 Ndc6 13. b4 Qc7 14. bxc5 dxc5 15. Bxc5 b6 16. Bxe7 Qxe7 17. O-O Rd8 18. d4 Bb7 19. Qe2 Rbc8 20. e5 Rc7 21. f4 Na5 (21... Qd7 $14) 22. Bxb7 $16 Nxb7 23. Nf3 Na5 24. Nfd2 Qd7 25. Ne4 Qd5 26. Rb2 (26. Na3 $142) 26... Nc4 27. Rb5 (27. Rc2 $16) 27... Qc6 $11 28. Ned2 Nxd2 29. Qxd2 Bf8 30. Qa2 Qe4 {[%emt 0:05:00][%cal Od8d4] [#] Threatens to win with ...Rxd4!.} 31. Qd2 Rc4 32. Qg2 {[%emt 0:08:37] Weighted Error Value: White=0.19 (very precise) /Black=0.15 (very precise)   Mistake:       	White=2     	Black=1      Inaccurate:     	White=5     	Black=5      OK:         	White=9     	Black=5      Best:        	---       	Black=1} 1/2-1/2

[Event "12th National Amateur Chess-ch 2025"]
[Site "Bihar"]
[Date "2025.03.28"]
[Round "6.8"]
[White "Ranjith, R.k."]
[Black "Aman Balana"]
[Result "0-1"]
[Annotator "NA RC"]
[ECO "A00"]
[WhiteElo "1844"]
[BlackElo "1827"]
[PlyCount "124"]
[EventDate "2025.03.25"]
[EventCountry "IND"]
[SourceTitle "playchess.com"]
[Source "ChessBase"]
[SourceQuality "1"]
[TimeControl "5400+30"]

1. Nc3 d5 2. e4 d4 3. Nce2 e5 4. Ng3 Be6 5. Nf3 f6 6. Bb5+ c6 7. Ba4 Na6 8. Bb3 Nc5 9. d3 Qd7 10. O-O h5 11. Nh4 Nxb3 12. axb3 Bc5 13. Ng6 Rh7 14. f4 h4 15. Nh1 Bf7 16. f5 Ne7 17. Nxe7 Qxe7 18. Qg4 O-O-O 19. b4 Bb6 20. Bd2 Kb8 21. Nf2 Rg8 22. Qh3 g6 23. fxg6 Rxg6 24. Kh1 Be6 25. Qf3 Rhg7 26. Rg1 Qd7 27. Qe2 Qe8 28. Raf1 Qg8 29. Qf3 Bd8 30. Be1 Qh7 31. Nh3 Bg4 32. Qf2 Qg8 33. Bd2 Be7 34. c3 dxc3 35. bxc3 Qd8 36. Qe3 Bd6 37. Ra1 a6 38. Nf2 Bc7 39. Nxg4 Bb6 40. Qf3 Bxg1 41. h3 Bb6 42. Be3 Rd7 43. Qf5 Rgg7 44. Bxb6 Qxb6 45. Nxf6 Rxd3 46. Qxe5+ Qc7 47. Qxc7+ Rxc7 48. Re1 Rxc3 49. e5 Re7 50. e6 Rg3 51. Nd7+ Kc7 52. Nc5 b6 53. Nxa6+ Kb7 54. b5 cxb5 55. Nb4 Rg6 56. Re4 Rgxe6 57. Rxh4 Re4 58. Rxe4 Rxe4 59. Nd5 b4 60. g4 Rd4 61. Nxb4 Rxb4 62. g5 Rh4 0-1

[Event "12th National Amateur Chess-ch 2025"]
[Site "Bihar"]
[Date "2025.03.28"]
[Round "6.9"]
[White "Jaikishan Jaiswal"]
[Black "Gadge Vedant"]
[Result "0-1"]
[Annotator "NA RC"]
[ECO "B99"]
[WhiteElo "1616"]
[BlackElo "1667"]
[PlyCount "111"]
[EventDate "2025.03.25"]
[EventCountry "IND"]
[SourceTitle "playchess.com"]
[Source "ChessBase"]
[SourceQuality "1"]
[TimeControl "5400+30"]

1. e4 c5 2. Nf3 d6 3. d4 cxd4 4. Nxd4 Nf6 5. Nc3 a6 6. Bg5 e6 7. f4 Be7 8. Qf3 Qc7 9. Bd3 Nbd7 10. O-O-O b5 11. Rhe1 Bb7 12. Qh3 Nc5 13. e5 dxe5 14. fxe5 Nd5 15. Bxe7 Qxe7 16. Ne4 Nf4 17. Qg3 Nfxd3+ 18. cxd3 Nxe4 19. dxe4 O-O 20. Kb1 Rfd8 21. Qa3 Qxa3 22. bxa3 Kf8 23. Kb2 Ke7 24. g3 Rd7 25. Nb3 Rxd1 26. Rxd1 Rc8 27. Rd4 Rd8 28. Rxd8 Kxd8 29. Kc3 Bxe4 30. Nc5 Bc6 31. Nxa6 f6 32. Kd4 f5 33. Nc5 Ke7 34. Nd3 g5 35. Kc5 Be8 36. Kd4 Kf7 37. Nc5 Bc6 38. Ke3 Bd5 39. Nb3 Kg6 40. Nd4 Bc4 41. Kf3 Kh5 42. h3 h6 43. Ke3 Kg6 44. Nb3 Kf7 45. Kd4 Bf1 46. h4 Bc4 47. Ke3 Bxb3 48. axb3 Ke7 49. hxg5 hxg5 50. Kd4 g4 51. Kd3 Kd7 52. Ke3 Kc6 53. Kd4 Kb6 54. Kd3 Kc5 55. Ke3 Kd5 56. Kf4 0-1

[Event "12th National Amateur Chess-ch 2025"]
[Site "Bihar"]
[Date "2025.03.28"]
[Round "6.10"]
[White "Avyay Sharma"]
[Black "Bala Ganesan"]
[Result "1-0"]
[Annotator "NA RC"]
[ECO "C01"]
[WhiteElo "1586"]
[BlackElo "1656"]
[PlyCount "51"]
[EventDate "2025.03.25"]
[EventCountry "IND"]
[SourceTitle "playchess.com"]
[Source "ChessBase"]
[SourceQuality "1"]
[TimeControl "5400+30"]

1. e4 e6 2. d4 d5 3. exd5 exd5 4. c4 Nf6 5. Nc3 c6 6. h3 Bb4 7. Bd3 O-O 8. Be3 Re8 9. Nge2 dxc4 10. Bxc4 Nd5 11. O-O Nxe3 12. fxe3 Rxe3 13. Rxf7 Kh8 14. Nf4 b5 15. Bb3 Re7 16. Rxe7 Bxe7 17. Qd3 Qd6 18. Rf1 Bf6 19. Kh1 Nd7 20. Ng6+ hxg6 21. Qxg6 Be7 22. Qf7 Bb7 23. Ne4 Rf8 24. Nxd6 Rxf7 25. Rxf7 Bxd6 26. Rxd7 1-0

[Event "12th National Amateur Chess-ch 2025"]
[Site "Bihar"]
[Date "2025.03.28"]
[Round "6.11"]
[White "Devansh Keshri"]
[Black "Pathak Anshu Kr"]
[Result "1-0"]
[Annotator "NA RC"]
[ECO "C01"]
[WhiteElo "1633"]
[BlackElo "1585"]
[PlyCount "73"]
[EventDate "2025.03.25"]
[EventCountry "IND"]
[SourceTitle "playchess.com"]
[Source "ChessBase"]
[SourceQuality "1"]
[TimeControl "5400+30"]

1. e4 e6 2. d4 d5 3. exd5 exd5 4. Bd3 Nc6 5. c3 Bd6 6. Nf3 Nge7 7. h3 Be6 8. O-O Qd7 9. Ng5 Bf5 10. Re1 Bxd3 11. Qxd3 h6 12. Nf3 O-O-O 13. Nbd2 g5 14. Ne5 Bxe5 15. dxe5 Rde8 16. Nb3 Ng6 17. e6 Rxe6 18. Rd1 b6 19. Be3 Rd8 20. Qa6+ Kb8 21. a4 Nge5 22. Nd2 Qc8 23. Qb5 d4 24. cxd4 Nxd4 25. Bxd4 Rxd4 26. Nb3 Rxd1+ 27. Rxd1 a6 28. Qb4 Nc6 29. Qc3 Qe8 30. a5 Kb7 31. Rc1 Qe7 32. axb6 cxb6 33. Nd4 Nxd4 34. Qc8+ Ka7 35. Rc7+ Qxc7 36. Qxc7+ Ka8 37. Qd8+ 1-0

[Event "12th National Amateur Chess-ch 2025"]
[Site "Bihar"]
[Date "2025.03.28"]
[Round "6.12"]
[White "Shreyansh Das"]
[Black "Vamsi Krishna, R."]
[Result "0-1"]
[Annotator "NA RC"]
[ECO "C01"]
[WhiteElo "1583"]
[BlackElo "1620"]
[PlyCount "88"]
[EventDate "2025.03.25"]
[EventCountry "IND"]
[SourceTitle "playchess.com"]
[Source "ChessBase"]
[SourceQuality "1"]
[TimeControl "5400+30"]

1. e4 e6 2. d4 d5 3. exd5 exd5 4. Bd3 Nc6 5. c3 Bd6 6. Nf3 Nge7 7. O-O Bg4 8. Be3 Bh5 9. Nbd2 Bg6 10. Nb3 O-O 11. Bxg6 Nxg6 12. Qd3 Nce7 13. g3 Qc8 14. c4 dxc4 15. Qxc4 c6 16. Nbd2 Nd5 17. Ne4 Be7 18. Kg2 Qg4 19. Ned2 Bd6 20. Kh1 Rfe8 21. Rfe1 h6 22. Re2 Re7 23. Rae1 Rae8 24. Ne5 Bxe5 25. dxe5 Nxe5 26. Qb3 Nf3 27. Nxf3 Qxf3+ 28. Kg1 a6 29. a4 Kh8 30. a5 Kg8 31. Qd3 Kh8 32. Qb3 f5 33. Qd3 Re4 34. Rd2 f4 35. gxf4 Nxf4 36. Qf1 Nh3+ 37. Qxh3 Qxh3 38. Kh1 Qf3+ 39. Kg1 R8e6 40. Rd8+ Kh7 41. Rd7 Rg6+ 42. Kf1 Reg4 43. Bg5 R6xg5 44. Rxb7 Rg1# 0-1

[Event "12th National Amateur Chess-ch 2025"]
[Site "Bihar"]
[Date "2025.03.28"]
[Round "6.13"]
[White "Bristy Mukherjee"]
[Black "Aamuktha Guntaka"]
[Result "1-0"]
[Annotator "TA"]
[ECO "A03"]
[WhiteElo "1985"]
[BlackElo "1910"]
[PlyCount "81"]
[EventDate "2025.03.25"]
[EventCountry "IND"]
[SourceTitle "playchess.com"]
[Source "ChessBase"]
[SourceQuality "1"]
[TimeControl "5400+30"]

1. f4 d5 2. g3 Nf6 3. Bg2 c5 4. d3 Nc6 5. Nf3 g6 6. O-O Bg7 7. Qe1 d4 {[%emt 0:06:07] outshines the older 7...0-0. A03: Bird's Opening with 1...d5.} 8. c4 O-O 9. Na3 Re8 {[%emt 0:02:34] The position is equal.} 10. Nc2 a5 $1 11. h3 Nb4 12. Na3 Qb6 $146 (12... Nd7 13. Qf2 Rb8 14. Nb5 b6 15. a3 Nc6 16. Ng5 Bb7 17. f5 Nf6 18. Bf4 Rc8 {0-1 Harsha,B (2527)-Aleksandrov,A (2391) Wch Blitz Almaty 2022 (21)}) 13. Bd2 h5 14. Qf2 Nd7 (14... Rf8 $11 {keeps the balance.}) 15. g4 ({Better is} 15. Nb5 $16) 15... hxg4 $1 $11 16. hxg4 Nf6 $1 17. g5 Ng4 18. Qh4 Nc6 ({Black should try} 18... f5 $15) 19. Nb5 $14 Ne3 20. Bxe3 {[%emt 0:08:25] Successful Defense White} dxe3 21. Nh2 Nd4 22. Nxd4 Bxd4 23. Rab1 Bf5 (23... Bxb2 $6 24. Be4 $16) 24. Be4 e6 25. Nf3 Bg7 26. Ne5 Qc7 {[%emt 0:03:08] Repels Nd7} 27. Ng4 (27. Qh2 {seems wilder.} Red8 28. Rf3 Bxe4 29. dxe4 Rd2 30. Ng4) 27... Bxg4 28. Qxg4 Kf8 29. Kg2 Ke7 30. b3 Rh8 31. Rh1 Bd4 32. Qf3 Rxh1 (32... Rab8 $1 $11) 33. Rxh1 ({Don't play} 33. Kxh1 Rh8+ 34. Kg2 Qb6 $15) 33... a4 {[%emt 0:00:25] [#]} (33... Rh8 $14) 34. Bxg6 $1 $16 {[%emt 0:02:04] Black must now prevent Rh7.} Rh8 (34... axb3 35. axb3) 35. Rxh8 Bxh8 {[%emt 0:00:04][%mdl 4096] Endgame KQB-KQB. White is a pawn up.} 36. Be4 axb3 37. axb3 (37. Bxb7 $2 {perishes.} bxa2 38. Be4 a1=Q $19 (38... a1=B $2 39. Qxe3 Bac3 40. Qg3 $19)) 37... Bd4 38. Bxb7 Qb6 39. Qc6 Qxb3 {[%emt 0:00:53][%mdl 8192] [#]} (39... Qa5 $16) 40. f5 $1 Kf8 (40... Qb2 41. Qc7+) 41. f6 {[%emt 0:00:21] Weighted Error Value: White=0.11 (very precise) /Black=0.31  Loses game:     	---       	Black=1      Mistake:       	White=1     	Black=4      Inaccurate:     	White=4     	Black=1      OK:         	White=12    	Black=15     Best:        	White=2     	---        Strong:       	---       	Black=3      Brilliant:      	White=1     	---} 1-0

[Event "12th National Amateur Chess-ch 2025"]
[Site "Bihar"]
[Date "2025.03.28"]
[Round "6.14"]
[White "Arushi Severin Helen D Silva"]
[Black "Chinnam Vyshnavi"]
[Result "1/2-1/2"]
[Annotator "NA RC"]
[ECO "D02"]
[WhiteElo "1746"]
[BlackElo "1793"]
[PlyCount "128"]
[EventDate "2025.03.25"]
[EventCountry "IND"]
[SourceTitle "playchess.com"]
[Source "ChessBase"]
[SourceQuality "1"]
[TimeControl "5400+30"]

1. d4 d5 2. Nf3 Nf6 3. Bf4 c5 4. e3 Nc6 5. Nbd2 Qb6 6. dxc5 Qxb2 7. Rb1 Qc3 8. Bb5 g6 9. O-O Bg7 10. Nd4 Bd7 11. N2b3 O-O 12. a4 a6 13. Bd3 Nh5 14. Bc7 Qb4 15. Be2 Nf6 16. Ra1 Ne4 17. Bf3 Nxd4 18. exd4 Bxa4 19. Ba5 Qb5 20. Be2 Qd7 21. f3 Nf6 22. Bc3 Bb5 23. Rb1 Qe6 24. Rf2 Bc6 25. Bd3 Nh5 26. f4 f5 27. Re2 Qd7 28. Qe1 Rfe8 29. g3 Nf6 30. Na5 Ne4 31. Rb6 Rec8 32. Ba1 e6 33. Qb1 Ra7 34. Kf1 Bf6 35. Rb4 Bd8 36. Nxc6 Qxc6 37. Bxe4 fxe4 38. c4 Ba5 39. cxd5 exd5 40. Rb3 Bd8 41. Bc3 Rb8 42. Reb2 Bc7 43. Qa2 Kg7 44. Ba5 Bxa5 45. Qxa5 Qd7 46. Qb6 Raa8 47. Qa5 Qh3+ 48. Kg1 Qd7 49. Kg2 Kh6 50. Rb6 Qg4 51. Qc3 Rf8 52. Qe3 Rf5 53. h3 Qd1 54. g4 Rf7 55. Rxb7 Raf8 56. Rxf7 Rxf7 57. c6 Qa4 58. Rb7 Rxb7 59. cxb7 Qb5 60. Qa3 Qe2+ 61. Kg3 Qe1+ 62. Kg2 Qe2+ 63. Kg3 Qe1+ 64. Kg2 Qe2+ 1/2-1/2

[Event "12th National Amateur Chess-ch 2025"]
[Site "Bihar"]
[Date "2025.03.28"]
[Round "6.15"]
[White "Prakash Vaishnavi"]
[Black "Theephigaa K P"]
[Result "0-1"]
[Annotator "NA RC"]
[ECO "C55"]
[WhiteElo "1749"]
[BlackElo "1792"]
[PlyCount "68"]
[EventDate "2025.03.25"]
[EventCountry "IND"]
[SourceTitle "playchess.com"]
[Source "ChessBase"]
[SourceQuality "1"]
[TimeControl "5400+30"]

1. e4 e5 2. Nf3 Nc6 3. Bc4 Nf6 4. d3 h6 5. c3 d6 6. O-O g5 7. Nbd2 Bg7 8. d4 O-O 9. dxe5 dxe5 10. Qe2 Qe7 11. Rd1 Rd8 12. Bd3 Nh5 13. Nf1 Nf4 14. Bxf4 gxf4 15. Bc4 Bg4 16. h3 Bh5 17. Rxd8+ Rxd8 18. Rd1 Rf8 19. g4 Bg6 20. N1h2 Rd8 21. Bd3 Qf6 22. Kg2 Qe7 23. Rd2 Bf6 24. Rd1 Rd6 25. Ne1 Nd8 26. f3 Bh4 27. Nc2 Qd7 28. Nf1 Ne6 29. Bb5 c6 30. Rxd6 Qxd6 31. Bc4 Nc5 32. Nb4 b5 33. Bb3 a5 34. Nc2 a4 0-1

[Event "12th National Amateur Chess-ch 2025"]
[Site "Bihar"]
[Date "2025.03.28"]
[Round "6.16"]
[White "Sravyasree Bheemarasetty"]
[Black "Nivedita V C"]
[Result "0-1"]
[Annotator "TA"]
[ECO "A07"]
[WhiteElo "1828"]
[BlackElo "1950"]
[PlyCount "134"]
[EventDate "2025.03.25"]
[EventCountry "IND"]
[SourceTitle "playchess.com"]
[Source "ChessBase"]
[SourceQuality "1"]
[TimeControl "5400+30"]

1. Nf3 Nf6 2. g3 g6 3. Bg2 Bg7 4. O-O O-O 5. d3 d5 6. Nbd2 Nc6 7. e4 dxe4 8. dxe4 e5 9. h3 {[%emt 0:03:40] A07: Réti Opening: New York and Capablanca Systems.} Qe7 10. Qe2 Rd8 11. c3 {[%emt 0:11:28] The position is symmetric and equal. The position is equal.} a5 $146 ({Predecessor:} 11... b6 12. b4 Bb7 13. Nc4 b5 14. Ncd2 Nb8 15. a4 a6 16. axb5 axb5 17. Rxa8 Bxa8 {½-½ Ootes,L (2422)-Lemeaux,D (2315) Barcelona Sants op-A18th 2016 (9)}) 12. b3 (12. a4 $11 {should be considered.}) 12... b6 13. Bb2 Ba6 {[%emt 0:01:23] Black is more active.} 14. c4 Nd7 15. Rfd1 Nc5 16. Nf1 a4 (16... Bb7 $1 $17 17. Rxd8+ Rxd8) 17. Ba3 $1 $15 Rxd1 (17... axb3 18. axb3 Bb7 19. Bxc5 Qxc5 20. Rxd8+ Rxd8 (20... Nxd8 21. Rxa8 Bxa8 22. Qc2 $11) 21. Ne3 $11) 18. Rxd1 (18. Qxd1 $15 Rd8 19. Qe1) 18... axb3 $17 {[%emt 0:00:39] Black plays on the queen side and is better} 19. Bxc5 bxc5 (19... Qxc5 20. axb3 Bh6 21. Kh2 $15) 20. axb3 Nd4 $36 {[%emt 0:00:21][%mdl 2048] Black has strong initiative.} 21. Nxd4 cxd4 {[%emt 0:00:38][%csl Od4] Black has a strong passed pawn} (21... exd4 22. e5 Ra7 (22... Qxe5 $2 23. Qxe5 Bxe5 24. Bxa8 $18) 23. f4 $15) 22. Rd3 (22. Ra1 $17) 22... Qa3 23. f4 Rb8 24. Nd2 Bc8 25. Kh2 Qc1 26. fxe5 Qb2 (26... Bxe5 27. Nf3 Bd6 28. Nxd4 $11) 27. Qd1 Bb7 (27... Bxe5 28. Nf3 Bd6 29. e5 $14) (27... c5 $19 28. h4 Bxe5) 28. Qg4 (28. b4 $17) 28... Bxe5 (28... Qc2 $1 $19 29. Rxd4 Bxe5) 29. Nf3 Bg7 {[%emt 0:01:04] A strong pair of Bishops.} 30. Qf4 {[%emt 0:02:19] [#]} Re8 (30... Rf8 $1 $17 31. Qd2 Qxd2 32. Rxd2 Rd8 (32... Bxe4 33. Nxd4 Bxg2 34. Kxg2 $15)) 31. Ng5 $2 (31. Qxc7 $14 {was the only good move.} Bxe4 32. Rd2 Qxb3 33. Ng5 (33. Nxd4 $2 Qe3 $19)) 31... Re7 $19 32. Rd2 Qxb3 33. Nxh7 Be5 34. Qh4 Qxg3+ 35. Qxg3 Bxg3+ 36. Kxg3 Kxh7 37. Rxd4 $17 {[%emt 0:00:05][%mdl 4096] Endgame KRB-KRB} c5 38. Rd2 g5 39. Re2 (39. h4 $11) 39... f5 40. e5 f4+ (40... Bxg2 $15 41. Kxg2 Kg6) 41. Kg4 $1 $11 {[%emt 0:00:33] and Bxb7 should not be overlooked} (41. Kf2 Bc8 42. Be4+ Kg7 $17) 41... Bxg2 42. Rxg2 Rxe5 {[%emt 0:00:02] KR-KR. Black is a pawn up.} 43. h4 gxh4 44. Kxf4 (44. Rh2 $11 {remains equal.}) 44... Rh5 {[%emt 0:00:34] Black converts the advantage convincingly.} 45. Kg4 {[%emt 0:00:19] [#]} (45. Rd2 $17) 45... h3 $1 $19 46. Rh2 Kg6 47. Kg3 Kf5 $2 (47... Rh7 $19 {is more deadly. and ...Kg5 should not be overlooked} 48. Kf2 Rh4) 48. Kf3 $2 (48. Rd2 $17 {nothing else works.}) 48... Rh6 49. Ke3 (49. Kf2 $142 Ke4 50. Kg1) 49... Kg4 50. Kf2 Ra6 51. Rh1 {[%emt 0:00:31] Dodges Ra1} Ra2+ 52. Ke3 Kg3 53. Rg1+ Rg2 54. Rf1 h2 55. Rf6 h1=Q {[%emt 0:00:20] Black mates.} 56. Rg6+ Kh2 57. Rh6+ Kg1 58. Rxh1+ Kxh1 {[%emt 0:00:03] KR-KP} 59. Ke4 Kh2 60. Kd5 Rg5+ 61. Kc6 Kg3 62. Kb5 Kf4 63. Ka4 Ke4 64. Kb5 Kd4 65. Ka4 Kxc4 66. Ka3 Rg2 67. Ka4 Ra2# {[%emt 0:00:05] Weighted Error Value: White=0.67/Black=0.22 (precise)   Loses game:     	White=2     	---        Missed win:     	---       	Black=1      Mistake:       	White=8     	Black=5      Inaccurate:     	White=2     	Black=4      OK:         	White=11    	Black=12     Best:        	White=2     	Black=4      Strong:       	White=2     	Black=1} 0-1

[Event "12th National Amateur Chess-ch 2025"]
[Site "Bihar"]
[Date "2025.03.28"]
[Round "6.17"]
[White "Vaishnavi Radhakrishnan"]
[Black "Aayusree Sarkar"]
[Result "0-1"]
[Annotator "NA RC"]
[ECO "C55"]
[WhiteElo "1658"]
[BlackElo "1677"]
[PlyCount "60"]
[EventDate "2025.03.25"]
[EventCountry "IND"]
[SourceTitle "playchess.com"]
[Source "ChessBase"]
[SourceQuality "1"]
[TimeControl "5400+30"]

1. e4 e5 2. Nf3 Nc6 3. Bc4 Nf6 4. d3 Be7 5. O-O O-O 6. c3 d5 7. exd5 Nxd5 8. h3 a6 9. a4 Bf5 10. Be3 Bf6 11. Qe2 Nb6 12. Bxb6 cxb6 13. Na3 Re8 14. Rad1 Qc7 15. Nc2 e4 16. dxe4 Bxe4 17. Ne3 Rac8 18. Rd2 Bxf3 19. gxf3 Qf4 20. Rfd1 Be5 21. Kf1 Qh2 22. Qd3 Qxh3+ 23. Ke2 Bf6 24. Qc2 Bg5 25. Qb3 Ne5 26. Bd5 Bxe3 27. Kxe3 Nxf3+ 28. Kd3 Ne1+ 29. Kd4 Qg4+ 30. Be4 Qxe4# 0-1